 Dungeon Crawl Stone Soup version 0.31-a0-216-g22e908daa7 (webtiles) character file.

Game seed: 16400857000610609386

849 qw the Skirmisher (level 8, -1/48 HPs)
             Began as a Gargoyle Hexslinger on July 2, 2023.
             Slain by Edmund
             ... wielding a +3 dire flail of protection
              (14 damage)
             ... on level 5 of the Dungeon.
             The game lasted 00:01:46 (3804 turns).

qw the Skirmisher (Gargoyle Hexslinger)             Turns: 3804, Time: 00:01:47

Health: -1/48      AC: 10    Str: 11    XL:     8   Next: 1%
Magic:  9/9        EV: 10    Int: 15    God:
Gold:   237        SH:  0    Dex: 14    Spells: 8/9 levels left

rFire   + . .        Y - +2 sling
rCold   . . .        (no shield)
rNeg    + . .        e - +0 ring mail
rPois   inf          (no helmet)
rElec   +            (no cloak)
rCorr   .            (no gloves)
SInv    +            (no boots)
Will    .....        (no amulet)
Stlth   +            g - ring of protection from fire
HPRegen 0.28/turn    h - ring of see invisible
MPRegen 0.11/turn

%: no passive effects
@: no status effects
A: sickness immunity, AC +5, negative energy resistance 1, electricity
resistance, torment resistance 1, petrification resistance
a: no special abilities


You were on level 5 of the Dungeon.
You visited 1 branch of the dungeon, and saw 5 of its levels.

You collected 263 gold pieces.
You spent 26 gold pieces at shops.


Innate Abilities, Weirdness & Mutations

You are immune to sickness and miasma.
Your stone body is resilient. (AC +5)
You are immune to poison.
You resist negative energy. (rN+)
You are resistant to electric shocks. (rElec)
You are resistant to unholy torment.
You are immune to petrification.


   Skills:
 + Level 4.2 Fighting
 - Level 8.0 Ranged Weapons
 - Level 1.0 Armour
 - Level 1.5 Dodging
 - Level 1.0 Spellcasting
 - Level 2.6 Hexes


You had 8 spell levels left.
You knew the following spells:

 Your Spells              Type           Power      Damage    Failure   Level
a - Slow                  Hex            32%        N/A       19%         1

Your spell library contained the following spells:

 Spells                   Type           Power      Damage    Failure   Level
 Inner Flame              Hex/Fire       4%         N/A       69%         3
 Portal Projectile        Hex/Tloc       8%         N/A       69%         3
 Cause Fear               Hex            4%         N/A       88%         4

Inventory:

Hand Weapons
 Y - a +2 sling (weapon)
Armour
 d - a +0 helmet
 e - a +0 ring mail (worn)
Jewellery
 c - a ring of resist corrosion
 g - a ring of protection from fire (left hand)
 h - a ring of see invisible (right hand)
 j - a ring of fire
Scrolls
 i - a scroll of identify
Potions
 a - 3 potions of curing
 b - a potion of heal wounds {unknown}
 f - a potion of might
 l - a potion of cancellation {unknown}

Dungeon Overview and Level Annotations

Branches:
Dungeon (5/15)
 Temple: D:4-7

Altars:
Cheibriados
Uskayaw
Xom

Shops:
D:1 *

Annotations:
D:5 2 runed translucent doors, Edmund


Message History

You have reached level 8!
You feel clever.
You start resting.
HP restored.
Edmund the Younger comes into view.
He is wielding a +3 dire flail of protection.
Edmund shouts!
Enter note:
Enter note:
Enter note:
Enter note: You shoot a sling bullet.
The sling bullet hits Edmund.
Edmund is lightly wounded.
You shoot a sling bullet. The sling bullet barely misses Edmund.
You shoot a sling bullet. The sling bullet hits Edmund.
Edmund is lightly wounded.
You shoot a sling bullet. The sling bullet hits Edmund.
Edmund is moderately wounded.
Edmund drinks a potion.
Edmund seems to grow stronger.
You shoot a sling bullet. The sling bullet closely misses Edmund.
Edmund hits you with a +3 dire flail of protection! x2
You shoot a sling bullet.
The sling bullet hits Edmund but does no damage.
Edmund is moderately wounded.
Edmund hits you but does no damage.
You shoot a sling bullet. The sling bullet hits Edmund.
Edmund is moderately wounded.
Edmund hits you with a +3 dire flail of protection.
You shoot a sling bullet. The sling bullet closely misses Edmund.
Edmund hits you with a +3 dire flail of protection.
You shoot a sling bullet. The sling bullet closely misses Edmund.
Edmund hits you with a +3 dire flail of protection!
You shoot a sling bullet.
The sling bullet hits Edmund but does no damage.
Edmund is moderately wounded.
Edmund says, "What use are spells, anyway?"
Edmund barely misses you.
You shoot a sling bullet.
The sling bullet hits Edmund but does no damage.
Edmund is moderately wounded.
Edmund hits you with a +3 dire flail of protection!
You die...

#### ########.## ...# #..
#######.### ...# ...
..........# #..# ..
###.###.#.# #..# .. ###.#.#
#..###### #. #...#.#
#.......# #. #.###.#
^...###.#######@####.#.# #.#
#...# .......#@....#.# #.#
#...###.# #.######.# #.#
#.......# #.######.###.#
#..###### #.......[....#
...############.######.#####
................# #.#
.#.#######?..#########.#
.#.#######.#...........#
..............######.###


You could see Edmund (strong).

Vanquished Creatures
  A water moccasin (D:5)
  A black bear (D:5)
  A phantom (D:4)
  2 scorpions
  A howler monkey (D:4)
  4 hounds
  2 jellies (D:4)
  An orc priest (D:3)
  Natasha (D:2)
  9 adders
  An ufetubus (D:4)
  2 worms
  2 dart slugs (D:3)
  5 orcs
  7 ball pythons
  6 endoplasms
  5 giant cockroaches
  4 goblins
  3 hobgoblins
  9 jackals
  8 kobolds
  7 quokkas
  9 bats
  4 frilled lizards
  4 rats
99 creatures vanquished.

Notes
Turn   | Place    | Note
-------+----------+-------------------------------------------
     0 | D:1      | qw the Gargoyle Hexslinger began the quest for the Orb.
     0 | D:1      | Reached XP level 1. HP: 12/12 MP: 2/2
     0 | D:1      | 0 ||| qw: Version: 0.3-a-35-g05ef00e
     0 | D:1      | 0 ||| qw: Game counter: 7830
     0 | D:1      | 0 ||| qw: Melee chars always use a shield: true
     0 | D:1      | 0 ||| qw: God list: Okawaru
     0 | D:1      | 0 ||| qw: Allow faded altars: false
     0 | D:1      | 0 ||| qw: Do Orc after clearing Dungeon:15 true
     0 | D:1      | 0 ||| qw: Do second Lair branch before Depths: true
     0 | D:1      | 0 ||| qw: Lair rune preference: random
     0 | D:1      | 0 ||| qw: Goals: Normal
     0 | D:1      | 0 ||| PLANNING D:1-11
   119 | D:1      | HP: 3/12 [jackal (3)]
   124 | D:1      | HP: 2/12 [jackal (1)]
   191 | D:1      | Reached XP level 2. HP: 16/16 MP: 3/3
   414 | D:1      | Reached skill level 3 in Ranged Weapons
   575 | D:1      | Reached XP level 3. HP: 20/21 MP: 4/4
   624 | D:1      | Found Houk's Assorted Antiques.
   627 | D:1      | 627 ||| SHOPLISTING pair of boots (117 gold, have 50).
   627 | D:1      | 627 ||| BUYING scroll labelled FUTHRI IHUON (26 gold).
   627 | D:1      | Bought a scroll labelled FUTHRI IHUON for 26 gold pieces
   627 | D:1      | 627 ||| SHOPLISTING scroll labelled ZOAFEZU RACE (26 gold,
                  | have 24).
   627 | D:1      | 627 ||| SHOPLISTING scroll labelled ZODWUONOANN (26 gold,
                  | have 24).
   929 | D:1      | 929 ||| UPGRADING to +0 ring mail.
   939 | D:1      | 939 ||| DROPPING +0 robe.
   940 | D:1      | 940 ||| DROPPING ring of magical power.
   941 | D:1      | 941 ||| READING scroll labelled YZIOVEFUJU.
   942 | D:1      | 942 ||| READING 2 scrolls labelled ZODWUONOANN.
   943 | D:1      | 943 ||| READING scroll labelled FUTHRI IHUON.
   944 | D:1      | 944 ||| READING scroll labelled ZOAFEZU RACE.
   947 | D:1      | 947 ||| DROPPING scroll of poison.
  1164 | D:2      | Reached XP level 4. HP: 24/26 MP: 5/5
  1300 | D:2      | Reached skill level 4 in Ranged Weapons
  1453 | D:2      | Reached skill level 1 in Armour
  1615 | D:2      | 1615 ||| UPGRADING to ring of protection from fire.
  1616 | D:2      | 1616 ||| READING scroll labelled WEH DEWNAECW.
  1617 | D:2      | 1617 ||| READING scroll labelled PUNNEH GATO.
  1618 | D:2      | 1618 ||| READING scroll labelled OSEREI BASEUBI.
  1619 | D:2      | 1619 ||| DRINKING 3 yellow potions.
  1666 | D:2      | 1666 ||| READING 2 scrolls of identify.
  1666 | D:2      | 1666 ||| IDENTIFYING metallic coppery potion
  1667 | D:2      | 1667 ||| DROPPING 2 potions of lignification.
  1681 | D:3      | 1681 ||| STAIRDANCE
  1687 | D:2      | HP: 6/26 [adder (3)]
  1694 | D:2      | HP: 4/26 [jackal (2)]
  1699 | D:2      | HP: 2/26 [jackal (2)]
  1805 | D:3      | 1805 ||| STAIRDANCE
  1805 | D:3      | Noticed Natasha
  1838 | D:3      | 1838 ||| STAIRDANCE
  1849 | D:2      | Killed Natasha
  1850 | D:2      | Reached XP level 5. HP: 23/30 MP: 6/6
  2007 | D:3      | Reached skill level 5 in Ranged Weapons
  2202 | D:3      | Found a faded altar of an unknown god.
  2284 | D:3      | Found a snail-covered altar of Cheibriados.
  2285 | D:3      | 2285 ||| READING scroll labelled BENWOR FIWIO.
  2286 | D:3      | 2286 ||| READING scroll labelled HAYPYO GOXEUTUJ.
  2287 | D:3      | 2287 ||| READING 2 scrolls of identify.
  2287 | D:3      | 2287 ||| IDENTIFYING glowing amethyst potion
  2288 | D:3      | 2288 ||| DROPPING potion of attraction.
  2556 | D:3      | 2556 ||| READING 2 scrolls of identify.
  2556 | D:3      | 2556 ||| IDENTIFYING grey potion
  2576 | D:4      | Reached skill level 3 in Fighting
  2576 | D:4      | Reached XP level 6. HP: 37/37 MP: 7/7
  2577 | D:4      | 2577 ||| STAIRDANCE
  2617 | D:4      | 2617 ||| STAIRDANCE
  2825 | D:4      | 2825 ||| STAIRDANCE
  2852 | D:3      | 2852 ||| READING scroll labelled SOHOUSM NOBIGH.
  2901 | D:4      | Reached skill level 6 in Ranged Weapons
  3090 | D:4      | Reached XP level 7. HP: 39/42 MP: 8/8
  3206 | D:4      | 3206 ||| UPGRADING to ring of see invisible.
  3207 | D:4      | 3207 ||| READING scroll labelled NIGRANN QIER.
  3226 | D:5      | Entered Level 5 of the Dungeon
  3233 | D:5      | 3233 ||| STAIRDANCE
  3268 | D:5      | Found a large runed translucent door.
  3269 | D:5      | Found a large runed translucent door.
  3358 | D:5      | Reached skill level 7 in Ranged Weapons
  3481 | D:5      | Found a shimmering altar of Xom.
  3516 | D:5      | Found a hide-covered altar of Uskayaw.
  3517 | D:5      | Noticed a +0 dagger
  3518 | D:5      | Noticed a +0 hand axe
  3759 | D:5      | Reached skill level 8 in Ranged Weapons
  3759 | D:5      | Reached XP level 8. HP: 44/48 MP: 9/9
  3793 | D:5      | Noticed Edmund
  3804 | D:5      | Slain by Edmund

Levels and vault maps discovered:
D:1:      dpeg_arrival_oval, layout_loops_corners, serial_shops,
          nicolae_shop_real_fake_doors
D:2:      layout_loops_ring, minmay_octomino_e4
D:3:      layout_basic, cheibrodos_worm_habitat,
          chequers_ecumenical_altar_simple_redux, serial_bayou_lagoon_b,
          uniq_natasha
D:4:      layout_rooms
D:5:      minmay_thinvault, layout_loops_ring, dancing_weapons_uskayaw,
          lemuel_tele_altar, serial_shops, shop,
          nicolae_shop_bloodbath_and_beyond, minmay_hollow_rounded_squares,
          uniq_edmund

Skill      XL: |  1  2  3  4  5  6  7 |
---------------+----------------------+-----
Ranged Weapons | 3 4 5 6 8 |  8.0
Fighting       | 2 3 4 |  4.2
Armour         | 1 |  1.0
Dodging        | |  1.5
Spellcasting   | |  1.0
Hexes          | |  2.6

Action                     |  1- 3 |  4- 6 |  7- 9 || total
---------------------------+-------+-------+-------++-------
   Fire: Sling             |   113 |   217 |   106 ||   436
    Use: Scroll            |     4 |     9 |     1 ||    14
         Potion            |       |     1 |       ||     1
 Armour: Robe              |    14 |       |       ||    14
         Ring mail         |    17 |   124 |    47 ||   188
  Dodge: Dodged            |    28 |   129 |    47 ||   204

Table legend:
 A = Non-vault XP
 B = Vault XP
 C = Vault XP percentage of total XP
 D = Non-vault monster count
 E = Vault monster count
 F = Vault count percentage of total count
                 A         B        C        D         E       F
            +---------+---------+-------+---------+---------+-------
      Total |     697 |     516 |  42.5 |      87 |      12 |  12.1
            +---------+---------+-------+---------+---------+-------
        D:1 |      35 |       0 |   0.0 |      20 |       0 |   0.0
        D:2 |      86 |      50 |  36.8 |      22 |       3 |  12.0
        D:3 |     187 |       5 |   2.6 |      21 |       1 |   4.5
        D:4 |     385 |       0 |   0.0 |      22 |       0 |   0.0
        D:5 |       4 |     461 |  99.1 |       2 |       8 |  80.0
            +---------+---------+-------+---------+---------+-------
